[Event "Titled Tuesday Blitz July 18 Early 2023"]
[White "Mendez Fortes, Eduardo Jesus"]
[Black "Tikhonov, Viacheslav"]
[WhiteFideId "3502376"]
[BlackFideId "44196407"]
[WhiteElo "2635"]
[BlackElo "2548"]
[Result "1-0"]
[Round "9"]
[TimeControl "180+2"]
[Date "2023.07.18"]
[WhiteClock "0:00:13"]
[BlackClock "0:00:22"]
[Board "51"]

1. e4 c5 2. Nf3 Nc6 3. d4 cxd4 4. Nxd4 Nf6 5. Nc3 e5 6. Ndb5 d6 7. Bg5 a6 8. Na3 b5 9. Nd5 Be7 10. Bxf6 Bxf6 11. c4 b4 12. Nc2 O-O 13. Qf3 Bg5 14. h4 Bh6 15. g4 f6 16. Qg3 a5 17. Rg1 Bf4 18. Nxf4 exf4 19. Qxf4 Ne5 20. Ne3 Be6 21. Rd1 Qc7 22. b3 a4 23. Be2 axb3 24. axb3 Ra3 25. Rg3 Qc5 26. Nf5 Bxf5 27. gxf5 Rf7 28. h5 h6 29. Qd2 Rd7 30. Kf1 Kf8 31. Qd5 Qxd5 32. cxd5 Rc7 33. f4 Nd7 34. Kf2 Rc3 35. Rxc3 bxc3 36. Bc4 Nc5 37. Ke3 c2 38. Rc1 Nxb3 39. Bxb3 Rxb3+ 40. Kd4 Rf3 41. Rxc2 Rxf4 42. Rc7 Rh4 43. Rd7 Rxh5 44. Rxd6 Rh1 45. Ra6 h5 46. d6 Rd1+ 47. Kc5 h4 48. Ra8+ Kf7 49. Rh8 Rc1+ 50. Kd5 Rd1+ 51. Kc6 Rc1+ 52. Kd7 Rh1 53. Ra8 Re1 54. Rh8 Rxe4 55. Kc6 Rc4+ 56. Kd5 Rc1 57. d7 Rd1+ 58. Kc6 g5 59. d8=Q Rxd8 60. Rxd8 Kg7 61. Rd4 Kh6 62. Kd5 h3 63. Ke4 Kh5 64. Kf3 g4+ 65. Kg3 Kg5 66. Rxg4+ Kxf5 67. Ra4 Ke5 68. Kxh3 Kf5 69. Kg2 Kg5 70. Kf2 Kf5 71. Kf3 Ke5 72. Ra5+ Ke6 73. Kf4 Kf7 74. Ra6 Kg6 75. Rb6 Kh5 76. Kf5 Kh4 77. Rb4+ Kg3 78. Kxf6 Kh3 79. Kf5 Kg3 80. Rf4 Kg2 81. Kg4 Kh2 82. Rf3 Kg2 83. Rf4 Kg1 84. Kg3 Kh1 85. Rf1# 1-0


[Site "https://www.chess.com"]

[Event "Titled Tuesday Blitz July 18 Early 2023"]
[White "Florescu, Codrut-Constantin"]
[Black "Vyatkin, Dmitry"]
[WhiteFideId "1202200"]
[BlackFideId "4171900"]
[WhiteElo "2631"]
[BlackElo "2529"]
[Result "1-0"]
[Round "9"]
[TimeControl "180+2"]
[Date "2023.07.18"]
[WhiteClock "0:01:06"]
[BlackClock "0:00:37"]
[Board "52"]

1. d4 Nf6 2. Nf3 g6 3. c4 Bg7 4. Nc3 d6 5. e4 O-O 6. h3 c5 7. d5 e6 8. Bd3 exd5 9. exd5 Re8+ 10. Be3 a6 11. a4 Nbd7 12. O-O Ne5 13. Be2 Nxf3+ 14. Bxf3 Bf5 15. Bf4 Ne4 16. Nxe4 Bxe4 17. Ra3 Qf6 18. Bc1 Qd4 19. Rb3 Qxc4 20. Rxb7 Bc2 21. Qd2 Bxa4 22. Qg5 Bb5 23. Rd1 Re5 24. Qf4 Rf5 25. Qxd6 Rxf3 26. Rb8+ Be8 27. Rxa8 Bf8 28. Rxe8 1-0


[Site "https://www.chess.com"]

[Event "Titled Tuesday Blitz July 18 Early 2023"]
[White "LeoLV10"]
[Black "Zaragatski, Ilja"]
[BlackFideId "4655192"]
[WhiteElo "2537"]
[BlackElo "2623"]
[Result "1-0"]
[Round "9"]
[TimeControl "180+2"]
[Date "2023.07.18"]
[WhiteClock "0:00:02"]
[BlackClock "0:00:00"]
[Board "53"]

1. e4 e6 2. d4 d5 3. e5 c5 4. c3 Nc6 5. Nf3 Nge7 6. Bd3 cxd4 7. O-O dxc3 8. bxc3 Ng6 9. Re1 Qc7 10. c4 dxc4 11. Bxc4 Bb4 12. Bd2 Bxd2 13. Nbxd2 O-O 14. Qe2 Rd8 15. Rac1 Bd7 16. h4 h6 17. Bd3 Nf4 18. Qe4 Nxd3 19. Qxd3 Be8 20. Qe3 Qb6 21. Qe4 Nd4 22. Nc4 Nxf3+ 23. Qxf3 Qc6 24. Qf4 Qa4 25. Qe3 Bc6 26. Qg3 Qxa2 27. Nd6 Rd7 28. Ra1 Qd5 29. Red1 Qc5 30. Rdc1 Qb6 31. Rab1 Qd8 32. Rb4 a5 33. Rg4 Qf8 34. Qf4 Kh8 35. Rc3 a4 36. Rcg3 f5 37. exf6 Qxf6 38. Qxf6 gxf6 39. Nc4 Kh7 40. Rg6 a3 41. Nb6 a2 42. Nxd7 a1=Q+ 43. Kh2 Bxd7 44. Rg7+ Kh8 45. R7g6 Kh7 46. Rg7+ Kh8 47. R7g6 Qb1 48. Rxh6+ Qh7 49. Rxh7+ Kxh7 50. Rb3 Bc6 51. Rb6 Ra6 52. Rb4 b5 53. g4 Ra4 54. Rb1 Rxg4 55. Rc1 Rc4 56. Re1 Rxh4+ 57. Kg3 Re4 58. Rh1+ Kg6 59. Rc1 Rc4 60. Rd1 Bd5 61. Rb1 b4 62. f4 Rc3+ 63. Kh4 Kf5 64. Rxb4 Rc4 65. Rb5 Rxf4+ 66. Kg3 Rc4 67. Ra5 Rc3+ 68. Kh4 1-0


[Site "https://www.chess.com"]

[Event "Titled Tuesday Blitz July 18 Early 2023"]
[White "ArtemDyachuk"]
[Black "Mohamed Anees M"]
[BlackFideId "35065815"]
[WhiteElo "2527"]
[BlackElo "2621"]
[Result "0-1"]
[Round "9"]
[TimeControl "180+2"]
[Date "2023.07.18"]
[WhiteClock "0:00:00"]
[BlackClock "0:00:43"]
[Board "54"]

1. e4 c5 2. Nf3 Nc6 3. d4 cxd4 4. Nxd4 Nf6 5. Nc3 d6 6. Bg5 e6 7. Qd3 Bd7 8. Be2 a6 9. O-O-O Be7 10. f4 Qc7 11. Rhe1 b5 12. Bf3 Rc8 13. Bxf6 gxf6 14. Bh5 b4 15. Nce2 Nxd4 16. Nxd4 Qa5 17. Kb1 Qxh5 18. f5 e5 19. Nf3 Bb5 20. Qe3 Rc5 21. h3 Bf8 22. Qb3 a5 23. a3 bxa3 24. bxa3 Bd7 25. c4 Be7 26. Re3 O-O 27. g4 Qh6 28. h4 Ba4 0-1


[Site "https://www.chess.com"]

[Event "Titled Tuesday Blitz July 18 Early 2023"]
[White "luksona14"]
[Black "Gavrilov, Maxim"]
[BlackFideId "24271454"]
[WhiteElo "2437"]
[BlackElo "2569"]
[Result "0-1"]
[Round "9"]
[TimeControl "180+2"]
[Date "2023.07.18"]
[WhiteClock "0:00:00"]
[BlackClock "0:00:16"]
[Board "55"]

1. d4 Nf6 2. c4 e6 3. g3 d5 4. Nf3 dxc4 5. Bg2 a6 6. O-O Nc6 7. Qa4 b5 8. Qc2 Bb7 9. Rd1 Nb4 10. Qd2 Ne4 11. Qf4 Bd6 12. Ne5 Bxe5 13. Qxe5 Qd5 14. Qxc7 Rc8 15. Qa5 Nc2 16. Nc3 Qf5 17. Nxe4 Bxe4 18. f3 Bb7 19. e4 Qf6 20. Rb1 Nxd4 21. Qb6 Ne2+ 22. Kf2 Bxe4 23. Qxa6 O-O 24. Ra1 Bd3 25. Be3 Qxb2 26. Qd6 Nc3+ 27. Kg1 Nxd1 28. Rxd1 Qe2 0-1


[Site "https://www.chess.com"]

[Event "Titled Tuesday Blitz July 18 Early 2023"]
[White "Bendayan Claros, Aaron"]
[Black "Schmakel, Sam"]
[WhiteFideId "3803392"]
[BlackFideId "2039311"]
[WhiteElo "2474"]
[BlackElo "2748"]
[Result "0-1"]
[Round "9"]
[TimeControl "180+2"]
[Date "2023.07.18"]
[WhiteClock "0:00:25"]
[BlackClock "0:00:45"]
[Board "56"]

1. d4 Nf6 2. Nf3 g6 3. Nbd2 c5 4. dxc5 Na6 5. a3 Bg7 6. e3 Nxc5 7. c4 O-O 8. b4 Nce4 9. Bb2 Nxd2 10. Nxd2 d5 11. cxd5 Qxd5 12. Nf3 Rd8 13. Qxd5 Nxd5 14. Bxg7 Kxg7 15. Bc4 Bg4 16. O-O Bxf3 17. gxf3 Rac8 18. Rac1 Nb6 19. Be2 e5 20. Rfd1 Rxd1+ 21. Rxd1 Rc3 22. Rd3 Rc2 23. Bd1 Ra2 24. Kg2 Kf6 25. Rc3 Nd5 26. Rc5 Nxe3+ 27. Kg3 Nxd1 28. Rc7 Rxa3 29. Rxb7 Nc3 30. b5 Ne2+ 31. Kg2 Nd4 32. b6 axb6 33. Rxb6+ Kg7 34. Rd6 Nxf3 35. Rd5 e4 36. Rb5 f5 0-1


[Site "https://www.chess.com"]

[Event "Titled Tuesday Blitz July 18 Early 2023"]
[White "Lana Rodriguez, David"]
[Black "Preotu, Razvan"]
[WhiteFideId "2270803"]
[BlackFideId "2613280"]
[WhiteElo "2562"]
[BlackElo "2722"]
[Result "1/2-1/2"]
[Round "9"]
[TimeControl "180+2"]
[Date "2023.07.18"]
[WhiteClock "0:00:18"]
[BlackClock "0:00:09"]
[Board "57"]

1. e4 c5 2. Nf3 d6 3. d4 cxd4 4. Qxd4 Nc6 5. Qe3 g6 6. Be2 Bg7 7. O-O Nf6 8. h3 O-O 9. Rd1 Be6 10. c4 Nd7 11. Ng5 Qb6 12. Nxe6 fxe6 13. Qxb6 axb6 14. Nc3 Nc5 15. f3 Bd4+ 16. Kh1 Bxc3 17. bxc3 Nb3 18. Rb1 Nxc1 19. Rdxc1 Rxa2 20. Bf1 Rc8 21. Rxb6 Rc7 22. c5 d5 23. Rd1 Ra3 24. exd5 exd5 25. Rxd5 Rxc3 26. Kh2 Kf7 27. Bd3 e6 28. Rd6 Rxc5 29. Be4 Ke7 30. Rd1 Nd8 31. Rdb1 Kf6 32. Bxb7 Rxb7 33. Rxb7 Nxb7 34. Rxb7 h5 35. h4 Rc4 36. Kg3 Ra4 37. Rb5 Rc4 38. Ra5 Rb4 39. Ra8 Rc4 40. Rf8+ Kg7 41. Rf4 Rc2 42. Re4 Kf6 43. Rf4+ Kg7 44. Ra4 Kf6 45. Kh3 Rb2 46. Ra3 Rb4 47. g4 hxg4+ 48. fxg4 Rc4 49. Re3 Rb4 50. Kg3 Rc4 51. Rf3+ Kg7 52. g5 Rb4 53. Rf6 Rb3+ 54. Kg4 Rb4+ 55. Rf4 Rb6 56. Rc4 Rb7 57. Kf4 Kf7 58. Ke5 Ke7 59. Kf4 Kd6 60. Rd4+ Ke7 61. Kg4 Rd7 62. Rf4 Rd5 63. Rf6 Rd4+ 64. Kg3 Rd3+ 65. Kg2 Rd2+ 66. Kf3 Rd3+ 67. Ke4 Rh3 68. Rxg6 Rxh4+ 69. Ke5 Kf7 70. Rf6+ Kg7 71. Rxe6 Rh1 72. Kf5 Rf1+ 73. Kg4 Rg1+ 74. Kf5 Rf1+ 75. Ke5 Re1+ 76. Kd6 Rxe6+ 77. Kxe6 Kg6 78. Ke5 Kxg5 1/2-1/2


[Site "https://www.chess.com"]

[Event "Titled Tuesday Blitz July 18 Early 2023"]
[White "Panesar Vedant"]
[Black "DCacheiro"]
[WhiteFideId "35033018"]
[WhiteElo "2713"]
[BlackElo "2542"]
[Result "1-0"]
[Round "9"]
[TimeControl "180+2"]
[Date "2023.07.18"]
[WhiteClock "0:01:17"]
[BlackClock "0:00:01"]
[Board "58"]

1. d4 Nf6 2. c4 g6 3. g3 Bg7 4. Bg2 O-O 5. Nc3 d6 6. e3 c5 7. Nge2 Nc6 8. O-O a6 9. b3 Bf5 10. Bb2 Rb8 11. Qd2 Qc8 12. Rfd1 Bh3 13. a4 Bxg2 14. Kxg2 h5 15. Nd5 h4 16. Nef4 cxd4 17. Bxd4 Nxd5 18. Nxd5 h3+ 19. Kf1 Qg4 20. Bxg7 Kxg7 21. Qe2 Qxe2+ 22. Kxe2 a5 23. Rac1 b6 24. f4 f5 25. Kf3 Kf7 26. Nc3 Rfd8 27. Rc2 e6 28. Rcd2 Ke7 29. Nb5 e5 30. Rxd6 e4+ 31. Ke2 Nb4 32. Rxg6 Rxd1 33. Kxd1 Rd8+ 34. Ke2 Na2 35. Nd4 Nc1+ 36. Ke1 Nd3+ 37. Kd2 Nc5 38. Kc2 Rf8 39. Rxb6 Nd7 40. Rh6 Rb8 41. Nc6+ 1-0


[Site "https://www.chess.com"]

[Event "Titled Tuesday Blitz July 18 Early 2023"]
[White "Jimenez Almeida, Luis David"]
[Black "Stoyanov, Tsvetan"]
[WhiteFideId "22242244"]
[BlackFideId "2917173"]
[WhiteElo "2541"]
[BlackElo "2713"]
[Result "1-0"]
[Round "9"]
[TimeControl "180+2"]
[Date "2023.07.18"]
[WhiteClock "0:00:37"]
[BlackClock "0:00:16"]
[Board "59"]

1. e4 c5 2. Nc3 g6 3. g3 Bg7 4. Bg2 Nc6 5. d3 e6 6. Be3 d6 7. Qd2 Nd4 8. Nge2 h5 9. h3 Ne7 10. f4 Rb8 11. a4 O-O 12. Nd1 a6 13. Nc1 b5 14. axb5 axb5 15. c3 Ndc6 16. Ne2 b4 17. O-O e5 18. f5 gxf5 19. exf5 f6 20. c4 Nd4 21. Nxd4 cxd4 22. Bh6 Nxf5 23. Bxg7 Kxg7 24. Ra7+ Rf7 25. Rxf7+ Kxf7 26. g4 hxg4 27. hxg4 Ng7 28. Qh6 Bxg4 29. Nf2 Bf5 30. Bd5+ Be6 31. Ne4 Bxd5 32. Rxf6+ Kg8 33. Ng5 Qxf6 34. Qxf6 Rf8 35. Qh6 Rf4 36. cxd5 Rg4+ 37. Kf1 Rf4+ 38. Ke1 1-0


[Site "https://www.chess.com"]

[Event "Titled Tuesday Blitz July 18 Early 2023"]
[White "Eugene, Floryan"]
[Black "Marosi, Levente"]
[WhiteFideId "20694784"]
[BlackFideId "747181"]
[WhiteElo "2684"]
[BlackElo "2531"]
[Result "1/2-1/2"]
[Round "9"]
[TimeControl "180+2"]
[Date "2023.07.18"]
[WhiteClock "0:01:21"]
[BlackClock "0:00:13"]
[Board "60"]

1. d4 Nf6 2. c4 g6 3. Nf3 Bg7 4. Nc3 O-O 5. e4 d6 6. Be2 e5 7. O-O Nc6 8. d5 Ne7 9. b4 Nh5 10. Re1 Nf4 11. Bf1 a5 12. bxa5 Rxa5 13. Bxf4 exf4 14. e5 dxe5 15. Nxe5 Qd6 16. Qe2 f3 17. gxf3 Nf5 18. Nb5 Rxb5 19. cxb5 Nd4 20. Qe4 Bxe5 21. Rad1 Bf5 22. Qe3 Bxh2+ 23. Kg2 Nc2 24. Qh6 Nxe1+ 25. Rxe1 Bf4 26. Qh4 g5 27. Qh5 Bg6 28. Qh1 Qxd5 29. Qh3 f5 30. Kg1 Re8 31. Rb1 Kg7 32. b6 c6 33. a4 Qd2 34. a5 Qxa5 35. Rd1 Qe5 36. Bc4 Qe7 37. Qf1 Rd8 38. Re1 Qc5 39. Qe2 Rd2 40. Qf1 Bg3 41. Be2 Bf4 42. Kg2 Qxb6 43. Bc4 Qd4 44. Re7+ Kf6 45. Rxb7 Be3 46. Be2 Bxf2 47. Qxf2 Qxf2+ 48. Kxf2 f4 49. Ke1 Rd6 50. Bc4 Bf5 51. Rf7+ Ke5 52. Re7+ Be6 53. Be2 h5 54. Rh7 h4 55. Kf2 Kf6 56. Rh6+ Kg7 57. Rh5 Kg6 58. Rh8 Rd7 59. Re8 Bf7 60. Rc8 Rd6 61. Rc7 Kf6 62. Ke1 h3 63. Kf2 h2 64. Kg2 Rd2 65. Rxc6+ Kg7 66. Kh1 Rxe2 67. Rg6+ Kf8 68. Rg8+ Ke7 69. Re8+ Bxe8 1/2-1/2


[Site "https://www.chess.com"]

[Event "Titled Tuesday Blitz July 18 Early 2023"]
[White "Postlmayer, Jakob"]
[Black "Goryachkina, Aleksandra"]
[WhiteFideId "1643622"]
[BlackFideId "4147103"]
[WhiteElo "2527"]
[BlackElo "2648"]
[Result "1-0"]
[Round "9"]
[TimeControl "180+2"]
[Date "2023.07.18"]
[WhiteClock "0:00:16"]
[BlackClock "0:00:00"]
[Board "61"]

1. d4 Nf6 2. c4 e6 3. Nc3 Bb4 4. Qc2 O-O 5. e4 d6 6. Bd3 c5 7. dxc5 Bxc5 8. Nf3 Nc6 9. a3 Bd7 10. O-O Rc8 11. Bg5 h6 12. Bh4 Ne5 13. Nxe5 dxe5 14. Rac1 a5 15. Rfd1 Qc7 16. Bxf6 gxf6 17. Qe2 Rfd8 18. Qg4+ Kf8 19. Bf1 Qb6 20. Rd2 Bc6 21. Rcd1 Rxd2 22. Rxd2 Rd8 23. Qe2 Rxd2 24. Qxd2 Ke7 25. Nb5 Bxb5 26. cxb5 Bd4 27. b4 axb4 28. Qxb4+ Bc5 29. Qb2 Qa5 30. g3 Bxa3 31. Qc2 Bd6 32. Kg2 Qb6 33. Qc4 Bc5 34. Qe2 Qd6 35. Qd3 Qb6 36. Qd2 Bd4 37. h4 Qc5 38. Bd3 Qa3 39. Bf1 Qc5 40. Bd3 b6 41. Bf1 f5 42. Bd3 fxe4 43. Bxe4 f5 44. Bc6 e4 45. Qxh6 Qc2 46. Qg5+ Kd6 47. Qf4+ Be5 48. Qg5 1-0


[Site "https://www.chess.com"]

[Event "Titled Tuesday Blitz July 18 Early 2023"]
[White "Schwabeneder, Florian"]
[Black "ElenGajger"]
[WhiteFideId "1626191"]
[WhiteElo "2630"]
[BlackElo "2513"]
[Result "1-0"]
[Round "9"]
[TimeControl "180+2"]
[Date "2023.07.18"]
[WhiteClock "0:02:29"]
[BlackClock "0:01:45"]
[Board "62"]

1. Nf3 Nf6 2. c4 g6 3. g3 Bg7 4. Bg2 O-O 5. O-O c6 6. b3 d5 7. Bb2 Be6 8. d3 Nbd7 9. Nd4 Nc5 10. b4 Na6 11. Nxe6 fxe6 12. a3 Nc7 13. Nd2 Nd7 14. Qb3 Rf7 15. Nf3 Ne8 16. Ng5 e5 17. Nxf7 Kxf7 18. cxd5 1-0


[Site "https://www.chess.com"]

[Event "Titled Tuesday Blitz July 18 Early 2023"]
[White "Belov, Alexei"]
[Black "Santos Flores, Alberto"]
[WhiteFideId "4128206"]
[BlackFideId "3601234"]
[WhiteElo "2626"]
[BlackElo "2524"]
[Result "1-0"]
[Round "9"]
[TimeControl "180+2"]
[Date "2023.07.18"]
[WhiteClock "0:00:08"]
[BlackClock "0:00:01"]
[Board "63"]

1. e4 e6 2. d4 d5 3. Nd2 c5 4. Ngf3 cxd4 5. exd5 Qxd5 6. Bc4 Qd6 7. O-O Nf6 8. Nb3 Nc6 9. Nfxd4 Nxd4 10. Qxd4 Qxd4 11. Nxd4 Bd7 12. Be2 Bc5 13. Rd1 O-O-O 14. Bf4 Bxd4 15. Rxd4 Bc6 16. Rad1 Rxd4 17. Rxd4 Rd8 18. Rxd8+ Kxd8 19. c4 Nd7 20. Be3 a6 21. f3 Ke7 22. Kf2 e5 23. b4 f5 24. Ke1 e4 25. Bf4 Ke6 26. Kd2 b5 27. Ke3 Ne5 28. Bxe5 Kxe5 29. f4+ Ke6 30. Kd4 Kd6 31. a4 bxc4 32. Bxc4 Bxa4 33. Bxa6 Bc2 34. Bc8 g6 35. g4 Kc7 36. Be6 Kd6 37. Bg8 h6 38. Bh7 fxg4 39. Ke3 g5 40. fxg5 hxg5 41. Bxe4 Ba4 42. Bf5 Kd5 43. Bd3 Ke5 44. b5 Bxb5 45. Bxb5 Kf6 46. Kf2 Kf5 47. Kg3 Kf6 48. Bd3 Kg7 49. Kxg4 Kh6 50. Kf5 Kg7 51. h3 Kh6 52. Kf6 Kh5 53. Be2+ Kh6 54. Bd3 Kh5 55. Kg7 Kh4 56. Bf5 Kh5 57. Kh7 Kh4 58. Kh6 Kg3 59. Kxg5 Kf3 60. h4 1-0


[Site "https://www.chess.com"]

[Event "Titled Tuesday Blitz July 18 Early 2023"]
[White "Tregubov, Pavel V."]
[Black "LangesNasenhaar"]
[WhiteFideId "4115341"]
[WhiteElo "2623"]
[BlackElo "2453"]
[Result "1-0"]
[Round "9"]
[TimeControl "180+2"]
[Date "2023.07.18"]
[WhiteClock "0:00:39"]
[BlackClock "0:00:21"]
[Board "64"]

1. e4 d6 2. d4 Nf6 3. Nc3 e5 4. Nf3 Nbd7 5. Bc4 Be7 6. O-O c6 7. a4 h6 8. Re1 Qc7 9. Ba2 O-O 10. Nh4 exd4 11. Qxd4 Nc5 12. Ng6 Re8 13. Bf4 Ne6 14. Nxe7+ Qxe7 15. Qxd6 Qxd6 16. Bxd6 Nd4 17. Rac1 Be6 18. Bxe6 Nxe6 19. e5 Nd7 20. Rcd1 Nb6 21. b3 Nf4 22. g3 Nfd5 23. Ne4 Nc8 24. c4 Nde7 25. f4 Nf5 26. Ba3 a5 27. Rd7 Rb8 28. Red1 b5 29. Rd8 Nb6 30. Rxe8+ Rxe8 31. cxb5 cxb5 32. axb5 Ne3 33. Rd6 Nbd5 34. Bc5 Rb8 35. b6 Rc8 36. Bxe3 Nxe3 37. b7 Rb8 38. Nc5 Nf5 39. Ra6 1-0


[Site "https://www.chess.com"]

[Event "Titled Tuesday Blitz July 18 Early 2023"]
[White "Herzog2012"]
[Black "Ahmad, Khagan"]
[BlackFideId "13431552"]
[WhiteElo "2446"]
[BlackElo "2612"]
[Result "1-0"]
[Round "9"]
[TimeControl "180+2"]
[Date "2023.07.18"]
[WhiteClock "0:00:03"]
[BlackClock "0:00:00"]
[Board "65"]

1. e4 c5 2. Nf3 d6 3. d4 cxd4 4. Nxd4 Nf6 5. Nc3 a6 6. Bg5 e6 7. f4 Be7 8. Qf3 Qc7 9. O-O-O Nbd7 10. g4 b5 11. Bxf6 Nxf6 12. g5 Nd7 13. f5 O-O 14. Rg1 Ne5 15. Qf2 b4 16. Nce2 b3 17. axb3 d5 18. exd5 exf5 19. Nxf5 Bxf5 20. Qxf5 g6 21. Qe4 Bd6 22. h4 Rfe8 23. Qa4 Rac8 24. c3 Qc5 25. Nd4 Qxd5 26. Bg2 Qc5 27. Kb1 a5 28. Qb5 Qc7 29. Qa4 Bf8 30. Nb5 Qc5 31. Nd4 Rb8 32. Rge1 Bg7 33. Nf3 Nxf3 34. Rxe8+ Rxe8 35. Qxe8+ Bf8 36. Bxf3 Qf2 37. Bd5 Qf5+ 38. Ka2 Qc2 39. Qxf7+ 1-0


[Site "https://www.chess.com"]

[Event "Titled Tuesday Blitz July 18 Early 2023"]
[White "Buchenau, Frank"]
[Black "Vaibhav Jayant Raut"]
[WhiteFideId "4604350"]
[BlackFideId "5089034"]
[WhiteElo "2440"]
[BlackElo "2607"]
[Result "0-1"]
[Round "9"]
[TimeControl "180+2"]
[Date "2023.07.18"]
[WhiteClock "0:00:00"]
[BlackClock "0:00:05"]
[Board "66"]

1. e4 e5 2. Bc4 Nc6 3. Nf3 Nf6 4. d3 h6 5. O-O d6 6. Re1 Be7 7. a4 O-O 8. a5 a6 9. c3 Be6 10. Nbd2 Qd7 11. Qb3 Rfe8 12. h3 Bf8 13. Nf1 d5 14. exd5 Bxd5 15. Ne3 Bxc4 16. Nxc4 Qxd3 17. Ncxe5 Nxe5 18. Nxe5 Qd5 19. Qxd5 Nxd5 20. Bd2 Bd6 21. Nc4 Bc5 22. Rad1 Rad8 23. Rxe8+ Rxe8 24. Kf1 c6 25. b4 Be7 26. Ne3 Rd8 27. Nxd5 Rxd5 28. Ke2 Bf6 29. Be1 Re5+ 30. Kf3 Kf8 31. Bd2 Rd5 32. Ke2 Ke7 33. Be1 Ke6 34. Rxd5 Kxd5 35. Kd3 c5 36. c4+ Kc6 37. Bc3 Bxc3 38. Kxc3 h5 39. h4 g6 40. Kb3 f6 41. Ka4 cxb4 42. Kxb4 Kd6 43. Kb3 Kc5 44. Kc3 g5 45. g3 g4 46. Kb3 Kd4 47. Kb4 f5 48. Kb3 Ke4 49. Kb4 Kf3 50. Kc5 Kxf2 51. Kb6 f4 52. Kxb7 fxg3 53. c5 g2 54. c6 g1=Q 55. c7 Qb1+ 56. Kxa6 Qc2 57. Kb7 Qb3+ 58. Ka7 Qc4 59. Kb7 Qb5+ 0-1


[Site "https://www.chess.com"]

[Event "Titled Tuesday Blitz July 18 Early 2023"]
[White "Fiorito, Francisco"]
[Black "favesaul"]
[WhiteFideId "180165"]
[WhiteElo "2599"]
[BlackElo "2444"]
[Result "0-1"]
[Round "9"]
[TimeControl "180+2"]
[Date "2023.07.18"]
[WhiteClock "0:00:03"]
[BlackClock "0:00:39"]
[Board "67"]

1. d4 Nf6 2. Nc3 d5 3. Bf4 a6 4. e3 e6 5. g4 h6 6. h4 c5 7. Qd2 Nc6 8. O-O-O cxd4 9. exd4 Nxg4 10. f3 Nf6 11. Bh3 Qa5 12. a3 b5 13. Na2 Qxd2+ 14. Rxd2 Be7 15. Ne2 a5 16. Rg1 Nh5 17. Nac3 Ba6 18. Bg4 Nxf4 19. Nxf4 Bxh4 20. Bxe6 fxe6 21. Nxe6 Ne7 22. Rxg7 Rc8 23. Kb1 b4 24. axb4 axb4 25. Na4 Bf6 26. Rg1 Kf7 27. Nac5 Bb5 28. Re1 Nf5 29. c3 bxc3 30. bxc3 Bc4 31. Ra2 Bxa2+ 32. Kxa2 Ra8+ 33. Kb2 Rhb8+ 34. Kc2 Ra2+ 35. Kd3 Rbb2 36. c4 Rd2+ 37. Kc3 Nxd4 38. Kb4 Nxe6 39. Nxe6 Rab2+ 40. Kc5 dxc4 41. Nf4 c3 42. Ra1 c2 43. Ra7+ Be7+ 0-1


[Site "https://www.chess.com"]

[Event "Titled Tuesday Blitz July 18 Early 2023"]
[White "Bazilius, Augustinas"]
[Black "Skliarov, Viktor"]
[WhiteFideId "12832251"]
[BlackFideId "14106736"]
[WhiteElo "2426"]
[BlackElo "2599"]
[Result "1/2-1/2"]
[Round "9"]
[TimeControl "180+2"]
[Date "2023.07.18"]
[WhiteClock "0:00:35"]
[BlackClock "0:00:09"]
[Board "68"]

1. d4 Nf6 2. c4 e6 3. Nf3 b6 4. a3 Bb7 5. Nc3 Be7 6. d5 O-O 7. e4 exd5 8. cxd5 Re8 9. Bd3 c6 10. O-O cxd5 11. exd5 d6 12. Bb5 Nbd7 13. Bf4 a6 14. Ba4 b5 15. Bb3 Nc5 16. Ba2 Rc8 17. Nd4 g6 18. Re1 Bf8 19. Rxe8 Qxe8 20. Qf3 Nh5 21. Bd2 Qe5 22. Nc6 Qf6 23. Qxf6 Nxf6 24. Re1 Re8 25. Rxe8 Nxe8 26. b4 Nd7 27. Ne4 Nef6 28. Nxf6+ Nxf6 29. Kf1 Ne4 30. Be1 f5 31. f3 Nf6 32. Ke2 Bc8 33. Kd3 Kf7 34. Bh4 Nd7 35. f4 Nb6 36. Nd8+ Ke8 37. Ne6 Be7 38. Bf2 Nd7 39. Nc7+ Kd8 40. Ne6+ Ke8 41. Nc7+ Kd8 42. Ne6+ Ke8 1/2-1/2


[Site "https://www.chess.com"]

[Event "Titled Tuesday Blitz July 18 Early 2023"]
[White "Sadykov, Ramil"]
[Black "Garsky, Vladyslav"]
[WhiteFideId "24113590"]
[BlackFideId "34100270"]
[WhiteElo "2587"]
[BlackElo "2437"]
[Result "1-0"]
[Round "9"]
[TimeControl "180+2"]
[Date "2023.07.18"]
[WhiteClock "0:00:34"]
[BlackClock "0:01:20"]
[Board "69"]

1. d4 d5 2. c4 dxc4 3. e3 Nf6 4. Bxc4 a6 5. Nf3 e6 6. Nc3 c5 7. O-O Nc6 8. a3 cxd4 9. exd4 Be7 10. d5 exd5 11. Nxd5 Nxd5 12. Bxd5 O-O 13. Bxc6 bxc6 14. Qxd8 Rxd8 15. Ne5 Bb7 16. Be3 Bf6 17. Nc4 Rd3 18. Na5 Bc8 19. Rad1 Bf5 20. Nxc6 Rc8 21. Rxd3 Bxd3 22. Rc1 Kf8 23. Nb4 Rxc1+ 24. Bxc1 Bc4 25. g4 Ke7 26. g5 Bd4 27. Nc6+ 1-0


[Site "https://www.chess.com"]

[Event "Titled Tuesday Blitz July 18 Early 2023"]
[White "Jiang, Andrew"]
[Black "Vovk, Orest"]
[WhiteFideId "30953510"]
[BlackFideId "14113490"]
[WhiteElo "2400"]
[BlackElo "2581"]
[Result "1-0"]
[Round "9"]
[TimeControl "180+2"]
[Date "2023.07.18"]
[WhiteClock "0:00:07"]
[BlackClock "0:00:01"]
[Board "70"]

1. e4 g5 2. Nc3 Bg7 3. h4 Bxc3 4. dxc3 g4 5. Qxg4 Nf6 6. Qe2 d5 7. e5 Ne4 8. Bf4 Nc6 9. O-O-O Be6 10. c4 Qd7 11. cxd5 Bxd5 12. c4 Qf5 13. Nh3 Be6 14. g4 Qxg4 15. Qxe4 Bf5 16. Qe1 Qxh4 17. Bg3 Qh6+ 18. Qe3 Qxe3+ 19. fxe3 Nb4 20. b3 Nxa2+ 21. Kb2 Nb4 22. Bg2 Rg8 23. Rhg1 Rxg3 24. Bc6+ Nxc6 25. Rxg3 Bg6 26. e6 fxe6 27. Nf4 Ne5 28. Nxe6 Kf7 29. Nxc7 Rc8 30. Rf1+ Kg8 31. Nd5 Re8 32. Kc3 Nc6 33. e4 Kg7 34. Nf4 Ne5 35. Ne6+ Kg8 36. Rg5 Nf7 37. Rgg1 Nd8 38. Nf4 Kg7 39. Rg3 e5 40. Nxg6 hxg6 41. Rfg1 Re6 42. c5 Nf7 43. b4 g5 44. Kc4 Rf6 45. b5 Re6 46. Ra1 a6 47. b6 Rc6 48. Kd5 Rc8 49. Rxa6 bxa6 50. b7 Rb8 51. c6 Rd8+ 52. Kc5 Nd6 53. Rxg5+ Kf6 54. Rg4 Ke6 55. c7 Nxb7+ 56. Kc6 Rd1 57. c8=Q+ Ke7 58. Rg7+ Kf6 59. Qf8+ Ke6 60. Qf7# 1-0


[Site "https://www.chess.com"]

[Event "Titled Tuesday Blitz July 18 Early 2023"]
[White "Garv Gaur"]
[Black "Gontcharov, Vladislav"]
[WhiteFideId "45030839"]
[BlackFideId "4123492"]
[WhiteElo "2563"]
[BlackElo "2573"]
[Result "1-0"]
[Round "9"]
[TimeControl "180+2"]
[Date "2023.07.18"]
[WhiteClock "0:00:43"]
[BlackClock "0:00:00"]
[Board "71"]

1. Nf3 Nf6 2. g3 c5 3. Bg2 Nc6 4. c4 d6 5. O-O g6 6. d3 Bg7 7. Nc3 O-O 8. Qd2 Ne8 9. b3 Nc7 10. Bb2 Bg4 11. e3 Qd7 12. d4 cxd4 13. Nxd4 Bh3 14. Nd5 Bxg2 15. Kxg2 Rac8 16. Rac1 Rfd8 17. Rfd1 Ne5 18. h3 Nc6 19. e4 Ne6 20. Nf3 b6 21. e5 dxe5 22. Nf6+ Bxf6 23. Qxd7 Rxd7 24. Rxd7 e4 25. Bxf6 exf3+ 26. Kxf3 exf6 27. Kg2 Ne5 28. Rxa7 Rd8 29. Rc2 Rd6 30. Rb7 h5 31. b4 Rc6 32. c5 bxc5 33. b5 Rd6 34. a4 Nd4 35. Rxc5 Nb3 36. Rc8+ Kg7 37. b6 Na5 38. Ra7 Rxb6 39. Rxa5 Rb2 40. Rb5 Ra2 41. a5 h4 42. gxh4 Nd3 43. Rc7 Rxf2+ 44. Kg3 Ra2 45. Rc3 Ne5 46. Rcc5 Kh6 47. Rb6 Kg7 48. a6 Ra3+ 49. Kg2 Nd7 50. Rcc6 Nxb6 51. Rxb6 f5 52. Rc6 f4 53. Rb6 f5 54. Rb7+ Kh6 55. a7 1-0


[Site "https://www.chess.com"]